 Dungeon Crawl Stone Soup version 0.26.1-11-gd32895ea62 (webtiles) character file.

Game seed: 5213319876378518164

2522 nomophobia the Cleaver (level 9, 0/79 HPs)
             Began as a Minotaur Gladiator on May 18, 2021.
             Was a Priest of Wu Jian.
             Slain by an orc warrior
             ... wielding a +0 flail
              (12 damage)
             ... on level 8 of the Dungeon.
             The game lasted 01:15:14 (6173 turns).

nomophobia the Cleaver (Minotaur Gladiator)         Turns: 6173, Time: 01:15:14

Health: 0/79       AC: 16    Str: 22    XL:     9   Next: 29%
Magic:  8/8        EV:  8    Int:  5    God:    Wu Jian [***...]
Gold:   409        SH:  0    Dex: 12    Spells: 8/8 levels left

rFire    . . .     SeeInvis +   a - +1 war axe
rCold    . . .     Faith    .   (no shield)
rNeg     . . .     Spirit   .   l - +1 plate armour
rPois    .         Reflect  .   c - +0 hat
rElec    .         Harm     .   (no cloak)
rCorr    .         Rampage  .   (no gloves)
Will     .....                  k - +0 pair of boots
Stlth    ..........             (no amulet)
HPRegen  0.23/turn              e - ring of see invisible
MPRegen  0.11/turn              (no ring)

@: no status effects
A: retaliatory headbutt, horns 2
a: Renounce Religion, Wall Jump, Serpent's Lash


You were on level 8 of the Dungeon.
You worshipped Wu Jian.
Wu Jian was most pleased with you.
You visited 2 branches of the dungeon, and saw 9 of its levels.
You also visited: Sewer.

You collected 409 gold pieces.

Inventory:

Hand Weapons
 a - a +1 war axe (weapon)
Missiles
 d - 3 throwing nets (quivered)
 m - 19 poisoned darts
Armour
 c - a +0 hat (worn)
 k - a +0 pair of boots (worn)
 l - a +1 plate armour (worn)
 y - the +4 moon troll leather armour {Spirit, Regen++ MP+5}
   (You found it on level 7 of the Dungeon)

   It affects your magic capacity (+5).
   It increases your rate of regeneration.
Jewellery
 e - a ring of see invisible (left hand)
 q - an uncursed ring of protection from cold {unknown}
Wands
 b - a wand of polymorph (9)
 x - a wand of iceblast (7)
Scrolls
 h - a scroll of fog
 j - 5 scrolls of teleportation
 r - 3 scrolls of remove curse
 t - 2 scrolls of fear
 u - a scroll of enchant weapon
 A - a scroll of magic mapping
Potions
 f - 2 potions of curing
 g - 3 potions of brilliance
 i - 3 potions of flight
 n - a potion of attraction
 o - 3 potions of heal wounds
 p - 2 potions of cancellation
 s - 2 potions of mutation
 v - 3 potions of might
 w - 3 potions of berserk rage
 C - a potion of haste {unknown}


   Skills:
 + Level 7.4 Fighting
 + Level 9.9 Axes
 - Level 2.3 Throwing
 + Level 9.1 Armour
 - Level 4.1 Dodging


You had 8 spell levels left.
You didn't know any spells.
Your spell library was empty.

Dungeon Overview and Level Annotations

Branches:
Dungeon (8/15)             Temple (1/1) D:6           Sewer (visited)
   Lair: D:8-11

Altars:
Ashenzari
Cheibriados
Dithmenos
Elyvilon
Hepliaklqana
Kikubaaqudgha
Nemelex Xobeh
Okawaru
Qazlal
Ru
Trog
Vehumet
Wu Jian
Xom
Yredelemnul
Zin
The Shining One

Annotations:
D:5 2 runed translucent doors


Innate Abilities, Weirdness & Mutations

You reflexively headbutt those who attack you in melee.
You have a pair of horns on your head.


Message History

The orc warrior hits you with a +0 flail.
* * * LOW HITPOINT WARNING * * *
You barely miss the orc warrior.
The orc warrior is heavily wounded.
The orc warrior hits you but does no damage.
You hit the orc warrior.
You headbutt the orc warrior, but do no damage.
The orc warrior is heavily wounded.
You closely miss the orc warrior. Your headbutt misses the orc warrior.
The orc warrior is heavily wounded.
You feel sick.
The orc warrior hits you but does no damage.
You hit the orc warrior but do no damage.
You headbutt the orc warrior!
The orc warrior is almost dead.
The orc warrior hits you with a +0 flail!
* * * LOW HITPOINT WARNING * * *
You feel better.
The orc warrior hits you with a +0 flail!
You die...

#.##........#
#..#........####
##))#............
####............#
#.....###.......##
#...<............#
#...#.##.........#
#....#.##.####.......
....#.##.##@#
####.##..
#####.##.##o# .# .
#......o# #
###...#.).# #.#|....#
# ........ ##........
#..........
###......##


You could see an orc warrior and an orc.

Vanquished Creatures
  Grinder (D:5)
  Eustachio (D:4)
  Edmund (D:4)
  Duvessa (D:5)
  A sky beast (D:5)
  2 ice beasts
  An orc warrior (D:7)
  2 ogres
  4 centaurs
  A bullfrog (D:7)
  A big kobold (Sewer)
  Dowan (D:5)
  3 howler monkeys
  A crimson imp (D:4)
  A centaur zombie (D:7)
  A hound (D:7)
  4 orc wizards
  2 orc priests
  Jessica (D:3)
  Ijyb (D:4)
  7 worker ants
  A hound skeleton (D:7)
  5 gnolls
  4 adders
  4 river rats (Sewer)
  An ufetubus (D:7)
  6 worms
  A dart slug (D:1)
  5 leopard geckos
  17 orcs
  6 bats
  9 giant cockroaches
  8 hobgoblins
  12 jackals
  3 quokkas
  8 ball pythons
  A frilled lizard (D:1)
  A giant cockroach zombie (D:6)
  10 goblins
  4 goblin skeletons (D:4)
  2 goblin zombies (D:4)
  3 hobgoblin zombies (D:4)
  25 kobolds
  A kobold skeleton (D:4)
  A kobold zombie (D:4)
  An orc skeleton (D:4)
  An orc zombie (D:4)
  28 rats
206 creatures vanquished.

Notes
Turn   | Place    | Note
-------+----------+-------------------------------------------
     0 | D:1      | nomophobia the Minotaur Gladiator began the quest for the
                  | Orb.
     0 | D:1      | Reached XP level 1. HP: 18/18 MP: 0/0
   166 | D:1      | Reached XP level 2. HP: 19/25 MP: 1/1
   846 | D:1      | Reached XP level 3. HP: 30/30 MP: 2/2
  1785 | D:3      | Reached XP level 4. HP: 38/38 MP: 3/3
  2040 | D:3      | Noticed Jessica
  2043 | D:3      | Reached skill level 5 in Axes
  2046 | D:3      | Killed Jessica
  2600 | D:4      | Found a snail-covered altar of Cheibriados.
  2615 | D:4      | Reached skill level 1 in Armour
  2615 | D:4      | Reached XP level 5. HP: 46/46 MP: 4/4
  2685 | D:4      | Noticed Ijyb
  2696 | D:4      | Killed Ijyb
  2706 | D:4      | Found a radiant altar of Vehumet.
  2706 | D:4      | Found an ornate altar of the Wu Jian Council.
  2713 | D:4      | Became a worshipper of the Wu Jian Council
  2723 | D:4      | Noticed Edmund
  2745 | D:4      | Found a glowing golden altar of the Shining One.
  2889 | D:4      | Found a glowing drain.
  2890 | D:4      | Noticed Eustachio
  2946 | D:4      | Killed Eustachio
  2947 | D:4      | Reached XP level 6. HP: 23/53 MP: 5/5
  2974 | Sewer    | Entered a sewer
  3140 | Sewer    | Reached * piety under Wu Jian
  3324 | Sewer    | Reached XP level 7. HP: 60/60 MP: 6/6
  3367 | Sewer    | Reached ** piety under Wu Jian
  3620 | D:4      | Found a broken altar of Ashenzari.
  3720 | D:4      | Killed Edmund
  3721 | D:4      | Reached skill level 5 in Fighting
  3721 | D:4      | Reached skill level 5 in Armour
  4190 | D:5      | Entered Level 5 of the Dungeon
  4349 | D:5      | Reached XP level 8. HP: 45/69 MP: 7/7
  4457 | D:5      | Noticed Grinder
  4466 | D:5      | Killed Grinder
  4542 | D:5      | Noticed Dowan
  4546 | D:5      | Killed Dowan
  4547 | D:5      | Noticed Duvessa
  4548 | D:5      | Found a runed translucent door.
  4549 | D:5      | Found a runed translucent door.
  4556 | D:5      | Killed Duvessa
  4926 | D:6      | Found a staircase to the Ecumenical Temple.
  4940 | Temple   | Entered the Ecumenical Temple
  5701 | D:7      | Reached XP level 9. HP: 75/78 MP: 8/8
  5834 | D:7      | Reached *** piety under Wu Jian
  6033 | D:7      | Found the +4 moon troll leather armour {Spirit, Regen++
                  | MP+5}
  6173 | D:8      | Slain by an orc warrior

Illustrated notes

Levels and vault maps discovered:
D:1:      shiori_arrival_maze, layout_loops_ring
D:2:      layout_loops_ring, nrook_mini_vaults
D:3:      layout_loops_ring, minmay_fractal_squares_5, uniq_jessica
D:4:      layout_rooms, nicolae_tso_besieged_by_evil, kennysheep_little_box,
          gammafunk_temple_overflow_statue, nicolae_overflow_crystal_walls,
          cheibrodos_sewer_entry_drain, chequers_hall_statues_corner_a,
          patterned_corridor, uniq_eustachio, uniq_edmund, uniq_ijyb
D:5:      lemuel_insect_pit, layout_gridville, uniq_duvessa,
          uniq_crazy_yiuf_cottage, uniq_grinder
D:6:      layout_basic, minmay_temple_entry_statues_pillars
D:7:      layout_basic
D:8:      layout_loops_cross, basic_altar, minmay_bent
Temple:   nicolae_temple_x_marks_the_god

Skill      XL: |  1  2  3  4  5  6  7  8  9 |
---------------+----------------------------+-----
Axes           | 4 5 6 8 9 |  9.9
Fighting       | 3 4 5 6 7 |  7.4
Dodging        | 4 |  4.1
Armour         | 1 3 4 5 8 9 |  9.1
Throwing       | |  2.3

Action                   |  1- 3 |  4- 6 |  7- 9 || total
-------------------------+-------+-------+-------++-------
Melee: War axe           |    95 |   138 |   227 ||   460
       Headbutt          |    16 |    27 |    40 ||    83
       Unarmed           |       |     8 |       ||     8
Invok: Lunge             |       |     6 |    20 ||    26
       Whirlwind         |       |     2 |     3 ||     5
  Use: Scroll            |     7 |     8 |     9 ||    24
       Potion            |       |       |     1 ||     1
Armor: Leather armour    |     4 |       |       ||     4
       Scale mail        |    28 |       |       ||    28
       Plate armour      |    11 |    85 |   125 ||   221
       Skin              |       |    74 |       ||    74
Dodge: Dodged            |    58 |    56 |    90 ||   204
